 Dungeon Crawl Stone Soup version 0.32-a0-607-g64ea0e4219 (webtiles) character file.

Game seed: 5094245328823845765

1684727 ragingrage the Invulnerable (level 27, 244/244 HPs)
             Began as a Formicid Delver on Mar 3, 2024.
             Was the Champion of Nemelex Xobeh.
             Escaped with the Orb
             ... and 3 runes!
             The game lasted 01:55:05 (69511 turns).

ragingrage the Invulnerable (Formicid Delver)      Turns: 69511, Time: 01:55:06

Health: 244/244    AC: 45    Str: 30    XL:     27
Magic:  26/26      EV: 15    Int: 23    God:    Nemelex Xobeh [******]
Gold:   3100       SH: 17    Dex: 12    Spells: 11/36 levels left

rFire   + + +        a - +8 mithril axe "Arga" {speed, Will+}
rCold   + . .        j - +2 kite shield
rNeg    + . .        n - +4 crystal plate armour of Pantheism {Int+3 Slay+5}
rPois   +            (helmet unavailable)
rElec   +            q - +1 cloak of Uczeple {rN+ Str+5}
rCorr   +            c - +3 pair of gauntlets of War {Slay+5}
SInv    +            e - +0 pair of boots of the Old and Reckless {^Drain rPois rF++ rCorr}
Will    ++++.        T - amulet of regeneration Stlth
                     J - ring of Xealulu {MP-9 EV+5 Int+6 Slay+5}
HPRegen 1.40/turn    L - ring "Riwetuir" {rElec rF+ Will+ Dex-5 Slay+2}
MPRegen 0.20/turn

%: no passive effects
@: studying 2 skills
A: permanent stasis, dig shafts and tunnels, antennae 3, four strong arms,
hooves 1, cold resistance 1, mutation resistance 1, passive freeze, subdued
magic 1, inability to drink after injury 2, MP-powered wands
0: Orb of Zot
}: 3/15 runes: barnacled, silver, gossamer
a: Dig, Shaft Self, Renounce Religion, Draw Escape, Draw Destruction, Draw
Summoning, Draw Stack, Triple Draw, Deal Four, Stack Five


You escaped.
You worshipped Nemelex Xobeh.
Nemelex Xobeh was exalted by your worship.
You visited 11 branches of the dungeon, and saw 51 of its levels.
You visited 2 bazaars.
You also visited: Trove and Volcano.

You collected 9601 gold pieces.
You spent 6501 gold pieces at shops.

Inventory:

Hand Weapons
 a - the +8 mithril axe "Arga" (weapon) {speed, Will+}
   (You bought it in a shop on level 3 of the Dungeon)

   Will+:     It increases your willpower.
 b - the +7 dagger of Tender Mercy {spect, Will+}
   (You took it off a spriggan berserker on level 2 of the Depths)

   Will+:     It increases your willpower.
 D - the +13 scythe of Curses {drain, curses, ^Drain}
   (You took it off Grunn on level 4 of the Realm of Zot)

   ^Drain:    It drains your maximum health when unequipped.
Missiles
 i - 5 throwing nets
 V - 5 curare-tipped darts (quivered)
Armour
 c - the +3 pair of gauntlets of War (worn) {Slay+5}
   (You found it in a treasure trove)

   Slay+5:    It affects your accuracy & damage with ranged weapons and melee
   (+5).
 e - the +0 pair of boots of the Old and Reckless (worn) {^Drain rPois rF++ rCorr}
   (You found it in a treasure trove)

   rF++:      It greatly protects you from fire.
   rPois:     It protects you from poison.
   rCorr:     It protects you from acid and corrosion.
   ^Drain:    It drains your maximum health when unequipped.
 j - a +2 kite shield (worn)
 n - the +4 crystal plate armour of Pantheism (worn) {Int+3 Slay+5}
   (You found it in a treasure trove)

   Int+3:     It affects your intelligence (+3).
   Slay+5:    It affects your accuracy & damage with ranged weapons and melee
   (+5).
 q - the +1 cloak of Uczeple (worn) {rN+ Str+5}
   (You found it in a treasure trove)

   Str+5:     It affects your strength (+5).
   rN+:       It protects you from negative energy.
Jewellery
 m - the ring of Vairas {^Contam rC+ rN++ Int+3}
   (You found it on level 15 of the Dungeon)

   [ring of protection from cold]

   Int+3:     It affects your intelligence (+3).
   rC+:       It protects you from cold.
   rN++:      It greatly protects you from negative energy.
   ^Contam:   It causes magical contamination when unequipped.
 J - the ring of Xealulu (left hand) {MP-9 EV+5 Int+6 Slay+5}
   (You found it on level 5 of the Vaults)

   [ring of evasion]

   EV+5:      It affects your evasion (+5).
   Int+6:     It affects your intelligence (+6).
   Slay+5:    It affects your accuracy & damage with ranged weapons and melee
   (+5).
   MP-9:      It affects your magic capacity (-9).
 L - the ring "Riwetuir" (right hand) {rElec rF+ Will+ Dex-5 Slay+2}
   (You found it on level 5 of the Lair of Beasts)

   [ring of willpower]

   Dex-5:     It affects your dexterity (-5).
   Slay+2:    It affects your accuracy & damage with ranged weapons and melee
   (+2).
   rF+:       It protects you from fire.
   rElec:     It insulates you from electricity.
   Will+:     It increases your willpower.
 T - an amulet of regeneration (around neck)
 W - a ring of poison resistance
Wands
 f - a wand of digging (43)
 s - a wand of charming (54)
 z - a wand of mindburst (53)
 K - a wand of polymorph (11)
 N - a wand of acid (13)
 Q - a wand of roots (26)
 S - a wand of flame (103)
Scrolls
 h - 2 scrolls of silence
 k - 2 scrolls of butterflies
 l - 15 scrolls of fear
 o - 4 scrolls of fog
 v - 17 scrolls of amnesia
 y - 7 scrolls of noise
 A - 12 scrolls of immolation
 C - 6 scrolls of poison
 F - 7 scrolls of revelation
 H - 3 scrolls of brand weapon
 X - 9 scrolls of vulnerability
Potions
 d - 8 potions of might
 g - 13 potions of mutation
 p - 28 potions of curing
 r - 3 potions of cancellation
 t - 5 potions of heal wounds
 u - 6 potions of ambrosia
 w - 11 potions of lignification
 G - 6 potions of magic
 I - 6 potions of enlightenment
 O - 5 potions of invisibility
 R - 8 potions of attraction
 U - 4 potions of resistance
 Y - 13 potions of brilliance
Miscellaneous
 x - a phial of floods
 B - a tin of tremorstones (2/2)
 E - a phantom mirror
 M - a box of beasts (inert)
 P - a lightning rod (4/4)


   Skills:
 + Level 25.8 Fighting
 - Level 6.0 Short Blades
 - Level 18.0 Axes
 - Level 6.2 Throwing
 O Level 27 Armour
 - Level 5.9 Dodging
 - Level 16.9 Stealth
 - Level 21.2 Shields
 - Level 5.0 Spellcasting
 - Level 10.0 Summonings
 - Level 18.0 Necromancy
 - Level 10.0 Earth Magic
 - Level 17.3 Invocations
 - Level 18.0 Evocations


You had 11 spell levels left.
You knew the following spells:

 Your Spells              Type           Power      Damage    Failure   Level
a - Death Channel         Necr           31%        N/A       4%          6
b - Fugue of the Fallen   Necr           62%        N/A       1%          3
c - Passwall              Erth           39%        N/A       1%          3
d - Animate Dead          Necr           62%        N/A       1%          4
e - Borgnjor's Vile Clut  Necr/Erth      26%        N/A       3%          5
f - Animate Armour        Summ/Erth      78%        N/A       8%          4

Your spell library contained the following spells:

 Spells                   Type           Power      Damage    Failure   Level
 Kiss of Death            Conj/Necr      100%       2d13      1%          1
 Necrotise                Necr           100%       1d9       1%          1
 Summon Small Mammal      Summ           100%       N/A       1%          1
 Call Imp                 Summ           78%        N/A       1%          2
 Sublimation of Blood     Necr           62%        N/A       1%          2
 Vampiric Draining        Necr           62%        2d10      1%          3
 Dispel Undead            Necr           62%        3d22      1%          4
 Martyr's Knell           Necr/Summ      52%        N/A       1%          4
 Curse of Agony           Necr           62%        N/A       1%          5
 Cigotuvi's Dreadful Rot  Necr/Alch/Air  50%        N/A       6%          2
 Stone Arrow              Conj/Erth      44%        3d9       19%         3
 Summon Ice Beast         Ice/Summ       22%        N/A       19%         3
 Lee's Rapid Deconstruct  Erth           19%        3d11*     22%         5
 Apportation              Tloc           8%         N/A       45%         1
 Foxfire                  Conj/Fire      16%        2x1d4     45%         1
 Freeze                   Ice            16%        1d4       45%         1
 Magic Dart               Conj           16%        1d3       45%         1
 Shock                    Conj/Air       16%        1d4       45%         1
 Slow                     Hex            16%        N/A       45%         1
 Sting                    Conj/Alch      16%        1d4       45%         1
 Brom's Barrelling Bould  Conj/Erth      22%        2d4       54%         4
 Leda's Liquefaction      Alch/Erth      11%        N/A       54%         4
 Petrify                  Alch/Erth      22%        N/A       54%         4
 Summon Blazeheart Golem  Fire/Summ      22%        N/A       54%         4
 Summon Lightning Spire   Summ/Air       22%        N/A       54%         4
 Ensorcelled Hibernation  Hex/Ice        8%         N/A       61%         2
 Jinxbite                 Hex            8%         N/A       61%         2
 Lesser Beckoning         Tloc           8%         N/A       61%         2
 Momentum Strike          Conj/Tloc      8%         3d8       61%         2
 Scorch                   Fire           8%         2d5       61%         2
 Static Discharge         Conj/Air       8%         3-4/arc   61%         2
 Summon Cactus Giant      Summ           19%        N/A       78%         6
 Haunt                    Necr/Summ      26%        N/A       80%         7
 Confusing Touch          Hex            4%         N/A       83%         3
 Dazzling Flash           Conj/Hex       8%         N/A       83%         3
 Frozen Ramparts          Ice            8%         1d2       83%         3
 Gell's Gravitas          Tloc           4%         N/A       83%         3
 Hailstorm                Conj/Ice       4%         3d5       83%         3
 Inner Flame              Hex/Fire       4%         N/A       83%         3
 Mephitic Cloud           Conj/Alch/Air  4%         N/A       83%         3
 Sigil of Binding         Hex            4%         N/A       83%         3
 Teleport Other           Tloc           4%         N/A       83%         3
 Tukima's Dance           Hex            4%         N/A       83%         3
 Volatile Blastmotes      Fire/Tloc      8%         2d10      83%         3
 Borgnjor's Revivificati  Necr           31%        N/A       91%         8
 Airstrike                Air            2%         2d(1-17)  99%         4
 Cause Fear               Hex            2%         N/A       99%         4
 Dimensional Bullseye     Hex/Tloc       2%         N/A       99%         4
 Flame Wave               Conj/Fire      4%         2d5       99%         4
 Fulminant Prism          Conj/Alch      2%         3d5       99%         4
 Ignite Poison            Fire/Alch      4%         N/A       99%         4
 Iskenderun's Mystic Bla  Conj/Tloc      4%         2d3       99%         4
 Sticky Flame             Fire/Alch      4%         2d4       99%         4
 Alistair's Intoxication  Alch           2%         N/A       100%        5
 Fireball                 Conj/Fire      2%         3d4       100%        5
 Freezing Cloud           Conj/Ice/Air   2%         6-21      100%        5
 Iskenderun's Battlesphe  Conj           4%         2d6       100%        5
 Metabolic Englaciation   Hex/Ice        2%         N/A       100%        5
 Silence                  Hex/Air        2%         N/A       100%        5
 Yara's Violent Unravell  Hex/Alch       2%         3d3       100%        5
 Bombard                  Conj/Erth      11%        9d3       100%        6
 Conjure Ball Lightning   Conj/Air       2%         3x3d6     100%        6
 Dispersal                Tloc           2%         N/A       100%        6
 Plasma Beam              Fire/Air       2%         2x1d12    100%        6
 Sculpt Simulacrum        Ice/Alch       2%         N/A       100%        6
 Starburst                Conj/Fire      2%         6d3       100%        6
 Enfeeble                 Hex            2%         N/A       100%        7
 Spellforged Servitor     Conj/Summ      11%        N/A       100%        7
 Discord                  Hex            2%         N/A       100%        8
 Disjunction              Tloc           2%         N/A       100%        8
 Ignition                 Fire           2%         3d3       100%        8
 Lehudib's Crystal Spear  Conj/Erth      11%        10d4      100%        8
 Maxwell's Capacitive Co  Air            2%         ∞         100%        8
 Chain Lightning          Conj/Air       2%         3d2       100%        9
 Death's Door             Necr           31%        N/A       100%        9
 Dragon's Call            Summ           19%        N/A       100%        9
 Fire Storm               Conj/Fire      2%         8d1       100%        9
 Shatter                  Erth           19%        3d18*     100%        9
 Blink                    Tloc           Unusable   N/A       N/A         2
 Swiftness                Air            Unusable   N/A       N/A         3

Dungeon Overview and Level Annotations

Branches:
Dungeon (15/15)            Temple (1/1) D:6            Lair (5/5) D:11
 Shoals (4/4) Lair:2       Spider (4/4) Lair:3        Slime (0/5) Lair:5
    Orc (2/2) D:11            Elf (3/3) Orc:2        Vaults (5/5) D:13
  Crypt (3/3) Vaults:2       Tomb (0/3) Crypt:3      Depths (4/4) D:15
    Zot (5/5) Depths:4    Volcano (visited)

Altars:
Ashenzari
Cheibriados
Dithmenos
Elyvilon
Fedhas
Gozag
Hepliaklqana
Kikubaaqudgha
Makhleb
Nemelex Xobeh
Okawaru
Qazlal
Ru
Sif Muna
Trog
Uskayaw
Vehumet
Wu Jian
Xom
Yredelemnul
Zin
The Shining One
Beogh
Jiyva
Lugonu

Shops:
D:2 ?   D:3 ?(*(*   D:4 =((?   D:10 (   D:13 ?   D:15 [[   Orc:2 =[(*   Elf:1 :
Elf:2 [:   Vaults:2 =   Depths:1 [*=   Depths:3 ::=

Portals:
Hell: Depths:1 Depths:2 Depths:3 Depths:4
Abyss: Lair:5 Depths:3 Depths:4
Pandemonium: Depths:2
Ziggurat: Depths:1

Annotations:
D:8 exclusion: downstairs
D:9 exclusion: downstairs
Lair:4 exclusion: oklob plant
Shoals:3 exclusion: downstairs
Spider:4 Roxanne
Elf:2 3 runed translucent doors
Zot:3 1 transporter
Zot:5 1 exclusion


Innate Abilities, Weirdness & Mutations

You cannot be hasted, slowed, berserked, paralysed or teleported.
You can dig through walls and to a lower floor.
You have a pair of large antennae on your head. (SInv)
Your four strong arms can wield two-handed weapons with a shield.
You have large cloven feet.
Your flesh is cold resistant. (rC+)
You are somewhat resistant to further mutation.
A frigid envelope surrounds you and freezes all who hurt you.
Your spells are a little easier to cast, but a little less powerful.
You sometimes lose the ability to drink potions when taking damage.
You expend magic power (3 MP) to strengthen your wands.


Message History

Casting: Animate Armour (mildly dangerous; 8% risk of failure)
You block the Orb Guardian's attack. You block the Orb Guardian's attack. x2
You block the Orb Guardian's attack.
Your animated crystal plate armour hits the Orb Guardian!!!
Your animated crystal plate armour hits the Orb Guardian!!!!
The Orb Guardian dies!
There is an open door here.
There is an open door here.
There is a staircase leading out of the dungeon here.
What are your orders? t - Shout!
Orders for allies: a - Attack new target. r - Retreat! s - Stop attacking. g - Guard the area. f - Follow me.
Anything else - Cancel.
You shout for attention!
You start resting.
Your animated crystal plate armour disappears in a puff of smoke!
What are your orders? t - Shout!
Orders for allies: a - Attack new target. r - Retreat! s - Stop attacking. g - Guard the area. f - Follow me.
Anything else - Cancel.
You shout for attention!
You start waiting.
You sense a monster nearby.
What are your orders? t - Shout!
Orders for allies: a - Attack new target. r - Retreat! s - Stop attacking. g - Guard the area. f - Follow me.
Anything else - Cancel.
You shout for attention!
You start waiting.
You hear a grinding noise.
You sense a monster nearby.
You hear a grinding noise.
You have escaped!

....# ####[# #.# #..#.#..# ....#
#.###.#####.##.##.# ....#
#...#..............
....#############.##.............
............##.........###...##..
....#######.........#...#..#.....
###..#####....#######........##.#
##.........{#########.#....##.#
#...)...##.##.@'.####......##..
#.......##{{#..#...##...#.####.
#.......#.{#####'#####..#.####.
###########.## #...#≈⌠#..#...###
#......## #.#♣♣♣#.♣.#≈^#...##.#
.......÷###.#♣⌠♣#...#≈.#.#.##.#
.......)....#♣.♣##''#..#.#.##.##
.........##.#..........#.#.##..#
............#.########.#.#..##.##


There were no monsters in sight!

Vanquished Creatures
  Frederick (Crypt:3)
  2 orbs of fire (Zot:5)
  3 ancient liches
  8 dread liches
  Mara (Spider:4)
  2 juggernauts
  A royal mummy (Crypt:3)
  Boris (thrice) (Crypt:2 Crypt:3 Vaults:5)
  A pandemonium lord (Depths:4)
  2 Killer Klowns (Zot:5)
  4 curse toes
  10 golden dragons
  Nikola (Spider:3)
  A caustic shrike (Depths:3)
  2 profane servitors
  2 bone dragons
  A Brimstone Fiend (Depths:4)
  The ghost of whatisthis the Cloud Mage, an adept TeAE of Vehumet (Vaults:2)
  2 doom hounds (Zot:4)
  Zenata (Vaults:3)
  4 electric golems
  A hellephant (Depths:4)
  10 tentacled monstrosities
  Jorgrun (Shoals:3)
  5 liches
  22 Orb Guardians
  2 deep elf blademasters (Elf:3)
  The ghost of superbruh the Tortoise, an adept MiFi of Jiyva (Spider:4)
  Grunn (Zot:4)
  2 deep elf master archers (Elf:3)
  8 sphinxes
  2 quicksilver dragons
  4 titans
  A shard shrike skeleton (Crypt:2)
  7 death cobs
  4 ancient champions
  Polyphemus (Shoals:3)
  Gastronok (D:10)
  A kraken (Shoals:4)
  The ghost of gosagan the Devastator, an adept TeAE of Sif Muna (Spider:4)
  Agnes (Spider:3)
  Ilsuiw (Shoals:4)
  6 shadow dragons
  4 tengu reavers
  A demonspawn warmonger (Zot:1)
  2 daevas
  7 draconian knights
  20 storm dragons
  A revenant (Crypt:3)
  3 draconian monks
  3 protean progenitors
  6 fire giants
  An iron dragon (Depths:2)
  3 deep elf sorcerers
  7 frost giants
  6 draconian scorchers
  7 emperor scorpions
  A reaper (Depths:2)
  8 draconian shifters
  3 balrugs
  5 deep elf elementalists
  5 ghost moths
  3 draconian stormcallers
  21 vault wardens
  2 spectral caustic shrikes (Depths:3)
  An angel (Vaults:2)
  5 draconian annihilators
  2 orc warlords
  17 stone giants
  A curse skull (Crypt:3)
  2 broodmothers
  3 ghouls
  3 formless jellyfish
  8 ironbound thunderhulks
  18 very ugly things
  A juggernaut skeleton (Depths:3)
  A demonspawn corrupter (Zot:1)
  The ghost of Pixtaico the Unseen, an adept FeNe of Elyvilon (Vaults:4)
  19 ironbound preservers
  11 green draconians
  7 deep elf death magi
  10 vampire knights
  7 deep elf demonologists
  6 deep elf annihilators
  9 yellow draconians
  12 black draconians
  8 dire elephants
  11 white draconians
  13 red draconians
  A lorocyproca (D:9)
  3 war gargoyles
  2 eidola
  10 spark wasps
  An acid blob zombie (Crypt:2)
  A spectral quicksilver dragon (Crypt:3)
  10 purple draconians
  15 fire dragons
  15 ettins
  Snorg (D:12)
  7 entropy weavers
  A quicksilver dragon zombie (Crypt:1)
  5 merfolk javelineers (Shoals:4)
  12 merfolk impalers
  5 deep elf high priests
  Harold (Orc:1)
  12 yaktaur captains
  An entropy weaver (shapeshifter) (D:15)
  6 great orbs of eyes
  2 hell beasts
  11 ice dragons
  5 rakshasas
  13 jiangshi (Crypt:3)
  34 vault guards
  4 hydras
  15 ironbound frosthearts
  2 radroaches
  A peacekeeper (Vaults:4)
  The ghost of Weym the Ripper, a journeyman FeSh of Xom (D:14)
  An alligator (Vaults:5)
  5 boulder beetles
  15 centaur warriors
  2 jorogumos
  2 catoblepae
  3 ogre magi
  17 dancing weapons
  10 two-headed ogres
  An alligator snapping turtle (Shoals:1)
  3 merfolk aquamancers (Shoals:4)
  A satyr (Shoals:3)
  5 merfolk avatars
  6 tengu warriors
  4 death knights
  3 death yaks (Shoals:3)
  6 deep troll shamans
  An orc high priest (Orc:1)
  2 vampire magi
  10 demonic crawlers
  17 hell knights
  4 spriggan berserkers
  A hell hog (Depths:2)
  4 thrashing horrors (Lair:5)
  15 deep troll earth magi
  Urug (D:11)
  4 soul eaters
  2 fire crabs (Volcano)
  2 occultists (Depths:4)
  9 iron trolls
  5 skysharks
  11 deep elf knights
  A skyshark (shapeshifter) (Vaults:5)
  6 sun demons
  A titan skeleton (Depths:3)
  5 sea snakes
  27 skeletal warriors
  3 pharaoh ants
  4 shadow wraiths (Crypt:3)
  Lodul (D:10)
  9 orb spiders
  19 deep elf archers
  3 glowing orange brains (Depths:4)
  A kraken simulacrum (Shoals:4)
  5 arcanists
  6 bog bodies
  3 flayed ghosts
  47 deep trolls
  3 death drakes
  12 lindwurms
  12 phantasmal warriors
  A lindwurm (shapeshifter) (Vaults:5)
  A spriggan simulacrum (Crypt:1)
  24 ironbound convokers
  2 golden dragon skeletons (Depths:3)
  2 thermic dynamos (Elf:1)
  16 necromancers
  8 orc knights
  An anaconda skeleton (Crypt:1)
  2 harpies (shapeshifter) (D:14)
  A large abomination (Crypt:3)
  21 harpies
  4 fauns
  31 ugly things
  10 steelbarb worms
  23 deep elf pyromancers
  24 deep elf zephyrmancers
  2 eleionoma zombies
  A cyclops (shapeshifter) (Depths:3)
  2 salamanders (Volcano)
  15 wolf spiders
  6 orc sorcerers
  2 meliai (D:14)
  18 moths of wrath
  7 merfolk sirens
  9 manticores
  A toenail golem (Zot:1)
  17 cyclopes
  3 black mambas
  A centaur zombie (D:15)
  2 torpor snails
  2 water nymphs (shapeshifter) (Vaults:5)
  19 vault sentinels
  3 kobold blastminers (Orc:1)
  An eleionoma skeleton (Crypt:1)
  11 cane toads
  3 centaur skeletons
  A cane toad (shapeshifter) (Elf:1)
  4 elephants (Lair:5)
  A gargoyle (D:13)
  3 water nymphs
  A moth of wrath (shapeshifter) (Vaults:5)
  An orb spider zombie (Crypt:2)
  27 yaktaurs
  7 komodo dragons
  5 tengu conjurers
  An efreet (D:14)
  4 freezing wraiths
  2 guardian mummies (Crypt:1)
  3 rime drakes
  23 merfolk
  4 trolls
  8 wind drakes
  A queen bee (D:14)
  A troll (shapeshifter) (D:15)
  3 polar bears
  18 hornets
  23 blink frogs
  Prince Ribbit (Lair:2)
  A glass eye (Depths:3)
  14 tarantellas
  13 dream sheep
  3 raiju (Lair:5)
  6 snapping turtles
  26 jumping spiders
  3 shadows (Crypt:3)
  An air elemental (Elf:3)
  36 slime creatures
  42 yaks
  3 jumping spiders (shapeshifter)
  2 vampires (Depths:1)
  9 wraiths
  20 culicivoras
  4 basilisks
  2 fire elementals
  3 spriggans
  7 water elementals
  2 ynoxinuls
  A hog (Orc:2)
  A yak (shapeshifter) (Lair:5)
  An unseen horror simulacrum (D:9)
  A basilisk (shapeshifter) (D:14)
  4 fire bats
  A golden eye (shapeshifter) (D:14)
  A golden eye (Vaults:4)
  7 wargs
  2 wyverns
  47 redbacks
  2 steam dragons
  A redback (shapeshifter) (Vaults:5)
  2 chaos spawn (Lair:5)
  A harpy simulacrum (Crypt:1)
  14 vampire mosquitoes
  A naga (Orc:2)
  An acid dragon (Volcano)
  13 small abominations
  A naga (shapeshifter) (Lair:5)
  14 water moccasins
  A cane toad zombie (Crypt:1)
  An ice beast (Vaults:5)
  2 sky beasts
  A black bear (D:6)
  38 orc warriors
  17 laughing skulls
  17 ogres
  A wolf (D:8)
  A dream sheep zombie (Crypt:1)
  A lindwurm skeleton (Crypt:1)
  11 centaurs
  3 kobold brigands
  A weeping skull (Crypt:3)
  10 bullfrogs
  A gnoll sergeant (D:6)
  2 earth elementals
  2 scorpions (D:6)
  A cyclops zombie (Crypt:1)
  4 burial acolytes (Crypt:3)
  6 killer bees (D:14)
  2 troll skeletons (Crypt:2)
  5 electric eels
  5 howler monkeys
  A spriggan skeleton (Crypt:2)
  3 human zombies (Crypt:1)
  7 jellies
  A bombardier beetle (Orc:2)
  A hound (D:6)
  23 orc priests
  2 black bear skeletons
  2 sleepcaps
  3 human skeletons (Crypt:1)
  Crazy Yiuf (D:7)
  Jessica (D:2)
  4 iguanas
  22 orc wizards
  2 boggart skeletons
  A killer bee zombie (Crypt:1)
  2 tengu zombies
  A naga skeleton (Crypt:2)
  3 mummies
  10 gnolls
  A steam dragon zombie (Crypt:2)
  6 adders
  A river rat (Orc:2)
  2 shadow imps (D:7)
  4 white imps
  A howler monkey simulacrum (D:9)
  3 ufetubi
  6 dart slugs
  5 ribbon worms
  63 orcs
  5 ball pythons
  24 endoplasms
  4 giant cockroaches
  8 goblins
  7 hobgoblins
  7 jackals
  18 kobolds
  2 quokkas
  7 bats
  An endoplasm zombie (Crypt:1)
  3 frilled lizards (D:2)
  A giant cockroach zombie (Crypt:1)
  3 rats
  3 aspiring fleshes
  6 tentacles (Shoals:4)
2133 creatures vanquished.

Vanquished Creatures (collateral kills)
  Khufu (Crypt:2)
  An orb of fire (Zot:5)
  A juggernaut (Depths:3)
  A royal mummy (Crypt:3)
  4 Killer Klowns
  4 golden dragons
  A doom hound (Zot:4)
  A hellephant (Zot:1)
  A walking earthen tome (Depths:2)
  7 Orb Guardians
  2 titans
  A sphinx (Depths:3)
  A shadow dragon (Depths:2)
  A draconian scorcher (Zot:1)
  A draconian shifter (Zot:2)
  A reaper (Zot:1)
  A stone giant (Depths:3)
  2 draconian annihilators
  A spark wasp (Depths:3)
  4 ettins
  A deep elf high priest (Vaults:5)
  A caustic shrike simulacrum (Crypt:3)
  A hell beast (D:1)
  2 ice dragons
  An ogre mage (Vaults:5)
  A hydra (Lair:5)
  A satyr (Shoals:2)
  2 deep troll earth magi
  2 deep troll shamans
  A sun demon (D:1)
  2 glowing orange brains (Depths:4)
  2 death drakes
  4 deep trolls
  A deep elf pyromancer (D:14)
  A necromancer (Vaults:5)
  2 ugly things
  A faun (Shoals:2)
  3 manticores
  4 cyclopes
  2 moths of wrath
  A naga zombie (Crypt:3)
  An orange demon (Depths:4)
  A cane toad (Lair:5)
  An unseen horror (D:11)
  A tengu conjurer (Depths:3)
  A tarantella (Spider:3)
  A snapping turtle (Shoals:2)
  A ynoxinul (Zot:1)
  A basilisk (Lair:5)
  A sky beast (Zot:5)
  An ogre (D:5)
  A shadow imp (D:5)
  An aspiring flesh (Zot:5)
85 creatures vanquished.

Vanquished Creatures (others)
  A red draconian (Zot:4)
  A deep elf knight (Elf:1)
  A phantasmal warrior (Vaults:5)
  An ugly thing (Depths:4)
  2 orange demons (D:15)
  An iron troll zombie (Depths:2)
  A deep troll zombie (Depths:2)
  An ice dragon zombie (Depths:2)
  A spriggan zombie (Depths:2)
  A culicivora (Spider:1)
  A fire elemental (Elf:2)
  A human zombie (Depths:2)
  3 ball lightnings (D:15)
  8 tentacles (Shoals:4)
24 creatures vanquished.

Grand Total: 2242 creatures vanquished

Notes
Turn   | Place    | Note
-------+----------+-------------------------------------------
     0 | D:5      | ragingrage the Formicid Delver began the quest for the Orb.
     0 | D:5      | Reached XP level 1. HP: 18/18 MP: 1/1
    32 | D:6      | Noticed an ogre
    38 | D:6      | Killed an ogre
    39 | D:6      | Reached XP level 2. HP: 24/24 MP: 2/2
    39 | D:6      | Reached XP level 3. HP: 29/29 MP: 3/3
    39 | D:6      | Reached XP level 4. HP: 35/35 MP: 4/4
    55 | D:6      | Noticed a steam dragon
    84 | D:6      | Noticed a scorpion
   194 | D:4      | Found Aczun's Magic Scroll Boutique.
   202 | D:4      | Found Inamoing's Weapon Boutique.
   202 | D:4      | Found Edinwut's Antique Weapon Boutique.
   215 | D:4      | Found Jizuatafas's Jewellery Boutique.
   277 | D:4      | Reached XP level 5. HP: 34/41 MP: 5/5
   333 | D:3      | Found Yroh's Assorted Antiques.
   341 | D:3      | Bought a blue potion for 18 gold pieces
   341 | D:3      | Bought a bubbling pink potion for 18 gold pieces
   341 | D:3      | Bought a pink potion for 18 gold pieces
   546 | D:3      | Found Zuufedear's General Store.
   594 | D:3      | Found an ornate altar of the Wu Jian Council.
   619 | D:3      | Found Dinidex's Magic Scroll Boutique.
   664 | D:3      | Reached skill level 5 in Short Blades
   759 | D:3      | Found Nino's Weapon Emporium.
   930 | D:3      | Found Huseatis's Antique Weapon Shoppe.
  1382 | D:2      | Found a faded altar of an unknown god.
  1443 | D:2      | Found Pihutey's Magic Scroll Boutique.
  1689 | D:2      | Noticed Jessica
  1694 | D:2      | Killed Jessica
  1745 | D:1      | Reached XP level 6. HP: 47/47 MP: 6/6
  2484 | D:2      | Found a shimmering altar of Xom.
  3067 | D:4      | Reached skill level 1 in Axes
  3278 | D:4      | Found a stormy altar of Qazlal.
  3565 | D:5      | Reached XP level 7. HP: 55/55 MP: 7/7
  3587 | D:5      | Noticed a water moccasin
  3601 | D:5      | Reached skill level 5 in Fighting
  3601 | D:5      | Reached skill level 1 in Evocations
  3612 | D:5      | Killed a water moccasin
  4077 | D:6      | Found a staircase to the Ecumenical Temple.
  4096 | Temple   | Entered the Ecumenical Temple
  4124 | Temple   | Became a worshipper of Nemelex Xobeh the Trickster
  4213 | D:6      | Reached XP level 8. HP: 65/65 MP: 8/8
  5236 | D:7      | Noticed a cyclops
  5359 | D:7      | Reached XP level 9. HP: 71/74 MP: 9/9
  5543 | D:7      | Reached * piety under Nemelex Xobeh
  5616 | D:7      | Received a gift from Nemelex Xobeh
  5718 | D:7      | Reached skill level 1 in Invocations
  5740 | D:7      | Found a runed translucent door.
  5741 | D:7      | Noticed Crazy Yiuf
  5876 | D:7      | Noticed a gargoyle
  6490 | D:7      | Reached skill level 5 in Invocations
  7311 | D:9      | Noticed a troll
  7477 | D:8      | Reached XP level 10. HP: 64/82 MP: 16/16
  7573 | D:9      | Reached ** piety under Nemelex Xobeh
  8381 | D:9      | Reached skill level 5 in Axes
  8632 | D:10     | Entered Level 10 of the Dungeon
  9347 | D:9      | Reached skill level 10 in Invocations
  9589 | D:3      | Bought the +8 mithril axe "Arga" {speed, Will+} for 646
                  | gold pieces
  9589 | D:3      | Found the +8 mithril axe "Arga" {speed, Will+}
  9887 | D:7      | Killed Crazy Yiuf
 10250 | D:9      | Reached skill level 10 in Fighting
 10310 | D:9      | Reached XP level 11. HP: 90/90 MP: 18/18
 10320 | D:9      | Found a shimmering altar of Xom.
 10320 | D:9      | Found an opulent altar of Gozag.
 10320 | D:9      | Found a basalt altar of Yredelemnul.
 10382 | D:10     | Noticed Lodul
 11051 | D:10     | Noticed Gastronok
 11469 | D:11     | Reached skill level 10 in Axes
 11500 | D:11     | Found a staircase to the Orcish Mines.
 11594 | D:11     | Noticed a brown ugly thing
 11660 | D:11     | Noticed a deep elf pyromancer
 11868 | D:10     | Killed Lodul
 12005 | D:10     | Killed Gastronok
 12281 | D:10     | Found Ligu's Weapon Emporium.
 12578 | D:4      | Bought an amulet of regeneration for 330 gold pieces
 12715 | D:7      | Killed a cyclops
 12886 | D:11     | Killed a brown ugly thing
 12906 | D:11     | Reached XP level 12. HP: 97/97 MP: 19/19
 13403 | D:11     | Received a gift from Nemelex Xobeh
 13408 | D:11     | Found a staircase to the Lair.
 13420 | Lair:1   | Entered Level 1 of the Lair of Beasts
 13478 | Lair:1   | Noticed Sonja
 13479 | Lair:1   | Sonja changed into Sonja the human
 13479 | Lair:1   | Noticed Sonja
 13484 | Lair:1   | Sonja the human changed into Sonja the harpy
 13484 | Lair:1   | Noticed Sonja
 13489 | Lair:1   | Killed Sonja the harpy
 13510 | Lair:1   | Reached *** piety under Nemelex Xobeh
 13867 | Lair:1   | Reached skill level 1 in Throwing
 14109 | Lair:2   | Noticed Prince Ribbit
 14133 | Lair:2   | Killed Prince Ribbit
 14567 | Lair:2   | Found a staircase to the Shoals.
 14928 | Lair:3   | Received a gift from Nemelex Xobeh
 14968 | Lair:3   | Reached **** piety under Nemelex Xobeh
 15036 | Lair:3   | Found a hole to the Spider Nest.
 15806 | Lair:4   | Reached XP level 13. HP: 103/103 MP: 18/20
 15943 | Lair:4   | Received a gift from Nemelex Xobeh
 15979 | Lair:4   | Reached skill level 5 in Throwing
 16128 | Lair:4   | Reached skill level 15 in Axes
 16610 | Lair:4   | Received a gift from Nemelex Xobeh
 17145 | Lair:5   | Entered Level 5 of the Lair of Beasts
 17150 | Lair:5   | Noticed a five-headed hydra
 17178 | Lair:5   | Killed a five-headed hydra
 17278 | Lair:5   | Noticed a six-headed hydra
 17292 | Lair:5   | Killed a six-headed hydra
 17394 | Lair:5   | Reached ***** piety under Nemelex Xobeh
 17411 | Lair:5   | Found a dark tunnel.
 17433 | Volcano  | Entered a volcano
 18064 | Lair:5   | Identified 2 scrolls of acquirement
 18140 | Lair:5   | Found a staircase to the Slime Pits.
 18140 | Lair:5   | Found a viscous altar of Jiyva.
 18150 | Lair:5   | Reached XP level 14. HP: 110/110 MP: 16/21
 18205 | Lair:5   | Received a gift from Nemelex Xobeh
 18808 | Lair:5   | Reached skill level 1 in Armour
 19111 | Lair:5   | Reached skill level 2 in Armour
 19290 | Lair:5   | Reached skill level 5 in Evocations
 19303 | Lair:5   | Reached skill level 3 in Armour
 19382 | Lair:5   | Found a corrupted altar of Lugonu.
 19386 | Lair:5   | Found a one-way gate to the infinite horrors of the Abyss.
 19406 | Lair:5   | Identified the ring "Riwetuir" {rElec rF+ Will+ Dex-5
                  | Slay+2}
 20175 | D:11     | Noticed Urug
 20183 | D:11     | Killed Urug
 20410 | D:12     | Found a blossoming altar of Fedhas.
 20441 | D:12     | Noticed Snorg
 20449 | D:12     | Killed Snorg
 20809 | D:12     | Received a gift from Nemelex Xobeh
 20887 | D:12     | Reached skill level 4 in Armour
 21035 | D:12     | Found a portal to a secret trove of treasure.
 21147 | D:12     | Found a roughly hewn altar of Beogh.
 21449 | D:12     | Identified the +0 pair of boots of Articulation {^Contam
                  | rF+++ Dex-3 Stlth+}
 21545 | Trove    | Entered a treasure trove
 21547 | Trove    | Found the +3 pair of gauntlets of War {Slay+5}
 21550 | Trove    | Identified the scarf "Viwusim" {shadows, rElec rPois Int+2
                  | Stlth+}
 21572 | Trove    | Identified the +0 pair of boots of the Old and Reckless
                  | {^Drain rPois rF++ rCorr}
 21574 | Trove    | Identified the +1 pair of boots "Rucehaof" {Harm Rampage
                  | Str+7 Dex-5}
 21576 | Trove    | Identified the +0 pair of gloves "Pomnua" {Harm rElec}
 21581 | Trove    | Found the +2 pair of slick slippers {slick, slippery, EV+4}
 21583 | Trove    | Identified the +4 crystal plate armour of Pantheism {Int+3
                  | Slay+5}
 21593 | Trove    | Identified the +1 cloak of Uczeple {rN+ Str+5}
 21596 | Trove    | Identified the +2 buckler of Xocsu {^Contam rN+ rCorr}
 22029 | D:13     | Reached XP level 15. HP: 91/118 MP: 23/23
 22089 | D:13     | Reached skill level 5 in Armour
 22238 | D:13     | Acquired a manual of Necromancy
 22240 | D:13     | Acquired a manual of Evocations
 22298 | D:13     | Identified the +1 sling "Trog's Righteous Fury" {freeze,
                  | rN++ rCorr Int-5}
 22418 | D:13     | Found a gate to the Vaults.
 22425 | D:13     | Reached skill level 6 in Armour
 22536 | D:13     | Found Luecun's Magic Scroll Emporium.
 22539 | D:13     | Bought a scroll of fear for 48 gold pieces
 22539 | D:13     | Bought a scroll of fear for 48 gold pieces
 22539 | D:13     | Bought a scroll of fear for 48 gold pieces
 22810 | Orc:1    | Entered Level 1 of the Orcish Mines
 23128 | Orc:1    | Noticed an orc warlord
 23134 | Orc:1    | Killed an orc warlord
 23142 | Orc:1    | Reached skill level 7 in Armour
 23174 | Orc:1    | Noticed Harold
 23188 | Orc:1    | Killed Harold
 23190 | Orc:1    | Found a roughly hewn altar of Beogh.
 23611 | Orc:2    | Entered Level 2 of the Orcish Mines
 23611 | Orc:2    | Found a staircase to the Elven Halls.
 23791 | Orc:2    | Noticed an orc warlord
 23792 | Orc:2    | Found a roughly hewn altar of Beogh.
 23800 | Orc:2    | Reached skill level 8 in Armour
 23809 | Orc:2    | Killed an orc warlord
 23814 | Orc:2    | Found Suzxixom's Antique Armour Emporium.
 23859 | Orc:2    | Found Apneygh's Jewellery Emporium.
 24018 | Orc:2    | Found Jirorilu's Antique Weapon Emporium.
 24033 | Orc:2    | Found Ewek's General Store.
 24040 | Orc:2    | Bought a potion of attraction for 48 gold pieces
 24040 | Orc:2    | Bought a potion of might for 64 gold pieces
 24040 | Orc:2    | Bought a potion of mutation for 128 gold pieces
 24703 | D:14     | Noticed Rupert
 24714 | D:14     | Rupert changed into Rupert the great orb of eyes
 24714 | D:14     | Noticed Rupert
 24719 | D:14     | Killed Rupert the great orb of eyes
 24756 | D:14     | Found a transporter.
 24820 | D:14     | Reached XP level 16. HP: 54/128 MP: 25/25
 24924 | D:14     | Reached skill level 9 in Armour
 24938 | D:14     | Reached skill level 10 in Evocations
 25568 | D:14     | Found a transporter.
 25568 | D:14     | Noticed Weym's ghost (journeyman FeSh)
 25715 | D:14     | Reached skill level 1 in Shields
 25725 | D:14     | Identified the +6 rapier of Juschori {antimagic, Int+3}
 25786 | D:14     | Reached skill level 10 in Armour
 26452 | D:14     | Found a transporter.
 26464 | D:14     | Found a transporter.
 26801 | D:15     | Entered Level 15 of the Dungeon
 26810 | D:15     | Received a gift from Nemelex Xobeh
 26951 | D:15     | Found Ecwof's Antique Armour Shop.
 27025 | D:15     | Found a flickering gateway to a bazaar.
 27060 | Bazaar   | Entered a bazaar
 27086 | Bazaar   | Found Bairuh's Weapon Boutique.
 27090 | Bazaar   | Found Kamac's General Store.
 27090 | Bazaar   | Found His Ahoq's Jewellery Boutique.
 27091 | Bazaar   | Found Qidwas's Jewellery Boutique.
 27121 | Bazaar   | Bought a +4 ring of protection for 324 gold pieces
 27208 | D:15     | Received a gift from Nemelex Xobeh
 27424 | D:15     | Found a staircase to the Depths.
 27434 | D:15     | Reached skill level 11 in Armour
 27448 | D:15     | Identified the ring of Vairas {^Contam rC+ rN++ Int+3}
 27593 | D:15     | Found Boiviu's Armour Shop.
 27871 | Spider:1 | Entered Level 1 of the Spider Nest
 27943 | Spider:1 | Reached skill level 5 in Shields
 28251 | Spider:1 | Reached XP level 17. HP: 88/136 MP: 26/26
 28307 | Spider:1 | Reached skill level 12 in Armour
 29703 | Spider:2 | Reached skill level 13 in Armour
 29964 | Spider:2 | Received a gift from Nemelex Xobeh
 30878 | Spider:3 | Noticed Nikola
 31094 | Spider:3 | Noticed Agnes
 31239 | Spider:3 | Reached skill level 14 in Armour
 31483 | Spider:3 | Killed Agnes
 31523 | Spider:3 | Killed Nikola
 31546 | Spider:3 | Reached skill level 15 in Evocations
 31748 | Spider:3 | Reached XP level 18. HP: 143/143 MP: 27/27
 31825 | Spider:3 | Received a gift from Nemelex Xobeh
 31893 | Spider:4 | Entered Level 4 of the Spider Nest
 31971 | Spider:4 | Noticed Mara
 31991 | Spider:4 | Noticed ragingrage's illusion
 32035 | Spider:4 | Noticed ragingrage's illusion
 32157 | Spider:4 | Noticed ragingrage's illusion
 32204 | Spider:4 | Killed Mara
 32328 | Spider:4 | Reached skill level 15 in Armour
 32363 | Spider:4 | Noticed Roxanne
 32527 | Spider:4 | Noticed Bai Suzhen
 32593 | Spider:4 | Bai Suzhen changed into Bai Suzhen the stone giant
 32593 | Spider:4 | Noticed Bai Suzhen
 32602 | Spider:4 | Killed Bai Suzhen the stone giant
 33448 | Spider:4 | Reached skill level 10 in Shields
 33590 | Spider:4 | Got a gossamer rune of Zot
 33648 | Spider:4 | Found a runed translucent gate.
 33648 | Spider:4 | Found a runed translucent gate.
 33648 | Spider:4 | Found a runed translucent gate.
 33654 | Spider:4 | Received a gift from Nemelex Xobeh
 33654 | Spider:4 | Noticed superbruh's ghost (adept MiFi)
 33654 | Spider:4 | Noticed gosagan's ghost (adept TeAE)
 33771 | Spider:4 | Killed gosagan's ghost
 33784 | Spider:4 | Killed superbruh's ghost
 34035 | Shoals:1 | Entered Level 1 of the Shoals
 34881 | Shoals:2 | Found a flickering gateway to a bazaar.
 34922 | Bazaar   | Entered a bazaar
 34928 | Bazaar   | Found Mavo Lawi's Antique Weapon Shoppe.
 34942 | Bazaar   | Found Vinemi's Antique Weapon Emporium.
 34957 | Bazaar   | Found Zujy's Antique Armour Emporium.
 34957 | Bazaar   | Found Istraruil's Antique Armour Shoppe.
 34963 | Bazaar   | Bought a warped plate armour for 616 gold pieces
 34963 | Bazaar   | Identified the +0 plate armour of the Beekeeper {rElec
                  | rCorr Str+5} (You bought it in a shop in a bazaar)
 34963 | Bazaar   | Bought an encrusted chain mail for 209 gold pieces
 34963 | Bazaar   | Identified the +8 chain mail "Toluutwa" {rN+ Dex+2} (You
                  | bought it in a shop in a bazaar)
 34973 | Bazaar   | Bought a glowing kite shield for 172 gold pieces
 35223 | Shoals:2 | Reached XP level 19. HP: 57/153 MP: 29/29
 35618 | Shoals:2 | Received a gift from Nemelex Xobeh
 35762 | Shoals:3 | Noticed Jorgrun
 35798 | Shoals:3 | Killed Jorgrun
 35871 | Shoals:3 | Got the Thoughts on Chemical Damage
 35891 | Shoals:3 | Noticed Polyphemus
 35915 | Shoals:3 | Killed Polyphemus
 35917 | Shoals:3 | Reached skill level 15 in Fighting
 36011 | Shoals:3 | Received a gift from Nemelex Xobeh
 36384 | Shoals:4 | Entered Level 4 of the Shoals
 36709 | Shoals:4 | Noticed Ilsuiw
 36937 | Shoals:4 | Received a gift from Nemelex Xobeh
 37164 | Shoals:4 | Killed Ilsuiw
 37387 | Shoals:4 | Reached ****** piety under Nemelex Xobeh
 37393 | Shoals:4 | Reached skill level 15 in Shields
 37494 | Shoals:4 | Got a barnacled rune of Zot
 37585 | Shoals:4 | Received a gift from Nemelex Xobeh
 38112 | Elf:1    | Entered Level 1 of the Elven Halls
 38131 | Elf:1    | Found Qisseac's Self-Published Books.
 38228 | Elf:1    | Reached XP level 20. HP: 82/163 MP: 30/30
 38744 | Elf:1    | Received a gift from Nemelex Xobeh
 39013 | Elf:1    | Found a radiant altar of Vehumet.
 40040 | Elf:2    | Found Ampulim's Armour Emporium.
 40116 | Elf:2    | Found Raitet's Book Shop.
 40137 | Elf:2    | Received a gift from Nemelex Xobeh
 40223 | Elf:2    | Found a runed translucent gate.
 40224 | Elf:2    | Found a runed translucent gate.
 40224 | Elf:2    | Found a runed translucent gate.
 40348 | Elf:3    | Entered Level 3 of the Elven Halls
 40548 | Elf:3    | Reached skill level 16 in Armour
 40699 | Elf:3    | Received a gift from Nemelex Xobeh
 40860 | Elf:3    | Got the Lectures on the Mesa
 40944 | Elf:3    | Learned a level 3 spell: Passwall
 42125 | Elf:3    | Identified the +5 hand axe "Killer Klown's Bane" {protect,
                  | rN+ Int+3}
 42722 | Elf:3    | Reached XP level 21. HP: 174/174 MP: 31/31
 42833 | Elf:3    | Identified the +5 falchion "Qeozula" {vamp, rCorr Str+3
                  | Dex-5}
 43171 | Elf:3    | Identified the +0 pair of boots "Wobemyga" {Str+5 Dex-5
                  | Stlth+}
 43198 | Elf:3    | Got the Compilation of Fulmination and Accompaniment
 43204 | Elf:3    | Learned a level 4 spell: Animate Armour
 43213 | Elf:3    | Got the Compilation of Arson
 43222 | Elf:3    | Got the Secrets of the Blizzard
 43278 | Elf:3    | Identified the amulet of Gaekhl Rapa {Faith rC++ Will-
                  | Int+6}
 43906 | Elf:3    | Upgraded the game from 0.32-a0-599-gba8f9cf90e to
                  | 0.32-a0-607-g64ea0e4219
 44124 | Vaults:1 | Entered Level 1 of the Vaults
 44795 | Vaults:1 | Reached skill level 17 in Armour
 45269 | Vaults:2 | Found a runed translucent gate.
 45269 | Vaults:2 | Found a runed translucent gate.
 45269 | Vaults:2 | Found an ancient bone altar of Kikubaaqudgha.
 45269 | Vaults:2 | Noticed a dread lich
 45269 | Vaults:2 | Noticed an ancient lich
 45269 | Vaults:2 | Noticed an ancient lich
 45269 | Vaults:2 | Noticed whatisthis's ghost (adept TeAE)
 45270 | Vaults:2 | Found a runed translucent gate.
 45381 | Vaults:2 | Received a gift from Nemelex Xobeh
 45483 | Vaults:2 | Killed an ancient lich
 45527 | Vaults:2 | Found a runed translucent gate.
 45527 | Vaults:2 | Found a runed translucent gate.
 45527 | Vaults:2 | Found a runed translucent gate.
 45690 | Vaults:2 | Received a gift from Nemelex Xobeh
 45827 | Vaults:2 | Found a staircase to the Crypt.
 45932 | Vaults:2 | Reached XP level 22. HP: 177/186 MP: 32/32
 45952 | Vaults:2 | Reached skill level 18 in Armour
 46312 | Vaults:2 | Found Deidwunn's Jewellery Emporium.
 46797 | Vaults:3 | Received a gift from Nemelex Xobeh
 47016 | Vaults:3 | Received a gift from Nemelex Xobeh
 47516 | Vaults:3 | Noticed Zenata
 47532 | Vaults:3 | Killed Zenata
 47572 | Vaults:3 | Received a gift from Nemelex Xobeh
 47855 | Vaults:3 | Reached skill level 19 in Armour
 48316 | Vaults:3 | Received a gift from Nemelex Xobeh
 48739 | Vaults:4 | Reached skill level 20 in Armour
 48868 | Vaults:4 | Reached XP level 23. HP: 196/196 MP: 33/33
 48992 | Vaults:4 | Found a runed translucent gate.
 48992 | Vaults:4 | Found a runed translucent gate.
 48993 | Vaults:4 | Noticed Pixtaico's ghost (adept FeNe)
 49110 | Vaults:4 | Received a gift from Nemelex Xobeh
 49478 | Vaults:4 | Found a runed translucent gate.
 49634 | Vaults:1 | Reached skill level 21 in Armour
 49832 | Crypt:1  | Entered Level 1 of the Crypt
 49915 | Crypt:1  | Received a gift from Nemelex Xobeh
 50392 | Crypt:2  | Received a gift from Nemelex Xobeh
 50576 | Crypt:2  | Got the Lessons on Stygian Illusion
 50630 | Crypt:2  | Received a gift from Nemelex Xobeh
 50780 | Crypt:2  | Identified the +3 robe "Luzykipp" {+Inv rF+++ Will- Str+3}
 50780 | Crypt:2  | Noticed Boris
 50794 | Crypt:2  | Killed Boris
 51002 | Crypt:3  | Entered Level 3 of the Crypt
 51122 | Crypt:3  | Found a basalt altar of Yredelemnul.
 51122 | Crypt:3  | Identified the orb "Podiesee" {light, Str+4}
 51122 | Crypt:3  | Noticed Frederick
 51154 | Crypt:3  | Killed Frederick
 51191 | Crypt:3  | Identified the +2 robe of Eye-covered Liberty {rElec Str+2}
 51191 | Crypt:3  | Noticed Boris
 51215 | Crypt:3  | Killed Boris
 51216 | Crypt:3  | Reached skill level 22 in Armour
 51227 | Crypt:3  | Reached skill level 15 in Invocations
 51465 | Crypt:3  | Received a gift from Nemelex Xobeh
 51510 | Crypt:3  | Noticed Khufu
 51518 | Crypt:3  | Noticed a royal mummy
 51629 | Crypt:2  | Killed Khufu
 51775 | Crypt:3  | Killed a royal mummy
 51885 | Crypt:3  | Noticed a royal mummy
 51910 | Crypt:3  | Killed a royal mummy
 52131 | Crypt:3  | Reached XP level 24. HP: 205/205 MP: 35/35
 52298 | Crypt:3  | Got the Quarto of the Ossuary
 52307 | Crypt:3  | Learned a level 6 spell: Death Channel
 52385 | Crypt:3  | Reached skill level 1 in Necromancy
 52581 | Crypt:3  | Found a staircase to the Tomb.
 52682 | Crypt:3  | Identified the +2 shadow dragon scales of Precision
                  | Catastrophes {rPois rF- Int+5 Stlth++++}
 52939 | Vaults:5 | Entered Level 5 of the Vaults
 52948 | Vaults:5 | Reached skill level 5 in Necromancy
 52998 | Vaults:5 | Identified the +3 robe of Imesesk {Slay+6}
 52998 | Vaults:5 | Noticed Boris
 53009 | Vaults:5 | Noticed a golden dragon
 53009 | Vaults:5 | Killed Boris
 53011 | Vaults:5 | a golden dragon changed into an alligator
 53395 | Vaults:5 | Received a gift from Nemelex Xobeh
 53508 | Vaults:5 | Reached skill level 10 in Necromancy
 53596 | Vaults:5 | Identified the ring of Xealulu {MP-9 EV+5 Int+6 Slay+5}
 53754 | Vaults:5 | Noticed a golden dragon
 53767 | Vaults:5 | Killed a golden dragon
 53775 | Vaults:5 | Reached XP level 25. HP: 137/217 MP: 26/35
 53919 | Vaults:5 | Noticed a dread lich
 53939 | Vaults:5 | Killed a dread lich
 54375 | Vaults:5 | Reached skill level 15 in Necromancy
 54547 | Vaults:5 | Received a gift from Nemelex Xobeh
 54579 | Vaults:5 | Got a silver rune of Zot
 54856 | Vaults:5 | Learned a level 4 spell: Animate Dead
 54862 | Vaults:5 | Learned a level 5 spell: Borgnjor's Vile Clutch
 55207 | Vaults:4 | Killed Pixtaico's ghost
 55469 | D:14     | Killed Weym's ghost
 55624 | Vaults:2 | Killed a dread lich
 55627 | Vaults:2 | Killed an ancient lich
 55631 | Vaults:2 | Killed whatisthis's ghost
 55634 | Vaults:2 | Identified the ring of Sloth {rElec rF- rCorr MP+9 Dex-2}
 55644 | Vaults:2 | Identified the +0 pair of gloves "Jezilyhe" {rF+ rN+}
 55777 | Vaults:2 | Found a glowing golden altar of the Shining One.
 56055 | Depths:1 | Entered Level 1 of the Depths
 56175 | Depths:1 | Found an opulent altar of Gozag.
 56195 | Depths:1 | Found a one-way gateway to a ziggurat.
 56268 | Depths:1 | Received a gift from Nemelex Xobeh
 56317 | Depths:1 | Found Ilar's Blood Bar.
 56332 | Depths:1 | Bought the Folio of the Graveyard for 720 gold pieces
 56375 | Depths:1 | Found Pouhil's Jewellery Shoppe.
 56384 | Depths:1 | Reached skill level 23 in Armour
 56424 | Depths:1 | Reached skill level 1 in Spellcasting
 56521 | Depths:1 | Found Ijimp's Armour Shoppe.
 56589 | Depths:1 | Received a gift from Nemelex Xobeh
 56817 | Depths:1 | Found a gateway to Hell.
 57035 | Depths:2 | Identified the +7 dagger of Tender Mercy {spect, Will+}
 57065 | Depths:2 | Reached XP level 26. HP: 172/210 MP: 26/35
 57147 | Depths:2 | Received a gift from Nemelex Xobeh
 57753 | Depths:2 | Received a gift from Nemelex Xobeh
 57822 | Depths:2 | Found a one-way gate leading to the halls of Pandemonium.
 58196 | Depths:3 | Found a glowing golden altar of the Shining One.
 58616 | Depths:3 | Reached skill level 5 in Spellcasting
 58691 | Depths:3 | Received a gift from Nemelex Xobeh
 58825 | Depths:3 | Reached skill level 24 in Armour
 58908 | Depths:3 | Found an iron altar of Okawaru.
 59369 | Depths:3 | Received a gift from Nemelex Xobeh
 59526 | Depths:3 | Noticed a juggernaut
 59527 | Depths:3 | Noticed a juggernaut
 59537 | Depths:3 | Killed a juggernaut
 59544 | Depths:3 | Killed a juggernaut
 59582 | Depths:3 | Identified the +2 robe "Amekis" {Dex+2}
 59758 | Depths:3 | Learned a level 3 spell: Fugue of the Fallen
 59981 | Depths:3 | Found Keasipp's Book Shoppe.
 59982 | Depths:3 | Found Macuing's Jewellery Shop.
 59984 | Depths:3 | Found Nided's Book Shoppe.
 59994 | Depths:3 | Bought a manual of Armour for 1040 gold pieces
 60098 | Depths:3 | Reached skill level 1 in Earth Magic
 60153 | Depths:4 | Entered Level 4 of the Depths
 60163 | Depths:4 | Reached XP level 27. HP: 231/231 MP: 18/35
 60182 | Depths:4 | Reached skill level 25 in Armour
 60350 | Depths:4 | Received a gift from Nemelex Xobeh
 60525 | Depths:4 | Noticed a juggernaut
 60540 | Depths:4 | Killed a juggernaut
 60775 | Depths:4 | Reached skill level 10 in Stealth
 60945 | Depths:4 | Reached skill level 5 in Earth Magic
 60961 | Depths:4 | Found a gate to the Realm of Zot.
 61095 | Depths:4 | Received a gift from Nemelex Xobeh
 61212 | Zot:1    | Entered Level 1 of the Realm of Zot
 61371 | Zot:1    | Reached skill level 26 in Armour
 61899 | Zot:1    | Received a gift from Nemelex Xobeh
 62697 | Zot:2    | Received a gift from Nemelex Xobeh
 62721 | Zot:2    | Reached skill level 27 in Armour
 62803 | Zot:2    | Reached skill level 10 in Earth Magic
 63615 | Zot:2    | Identified the +0 chain mail of Least Resistance {+Blink
                  | Dex+6}
 64060 | D:15     | Bought a pair of distressingly furry boots for 304 gold
                  | pieces
 64060 | D:15     | Identified the +1 pair of boots of Fabulous Happiness
                  | {Str+4} (You bought it in a shop on level 15 of the
                  | Dungeon)
 64060 | D:15     | Bought a heavily runed ring mail for 288 gold pieces
 64060 | D:15     | Identified the +1 ring mail of the Evening Star {rPois
                  | Str+4 Int+3} (You bought it in a shop on level 15 of the
                  | Dungeon)
 64060 | D:15     | Bought a warped plate armour for 896 gold pieces
 64060 | D:15     | Identified the +1 plate armour "Uchifula" {Str+5} (You
                  | bought it in a shop on level 15 of the Dungeon)
 64250 | Orc:2    | Bought a brightly glowing scale mail for 252 gold pieces
 64250 | Orc:2    | Identified the +0 scale mail of Reason {MP+9 Stlth+} (You
                  | bought it in a shop on level 2 of the Orcish Mines)
 64250 | Orc:2    | Bought a pair of dazzling boots for 266 gold pieces
 64250 | Orc:2    | Identified the +1 pair of boots of the Journeyman {Will+
                  | MP+9} (You bought it in a shop on level 2 of the Orcish
                  | Mines)
 65050 | Zot:3    | Received a gift from Nemelex Xobeh
 65266 | Zot:3    | Found a transporter.
 65270 | Zot:3    | Noticed a dread lich
 65271 | Zot:3    | Found a shimmering blue altar of Sif Muna.
 65274 | Zot:3    | Noticed an orb of fire
 65274 | Zot:3    | Identified the amulet of Josmomaa {Spirit Rampage ^Fragile
                  | rC- rN+++}
 65489 | Zot:3    | Noticed an orb of fire
 65636 | Zot:4    | Noticed a Killer Klown
 65652 | Zot:4    | Killed a Killer Klown
 65926 | Zot:4    | Noticed Grunn
 65938 | Zot:4    | Killed Grunn
 66345 | Zot:4    | Reached skill level 15 in Stealth
 66424 | Zot:4    | Reached skill level 5 in Dodging
 66969 | Zot:4    | Identified the +6 morningstar "Lifebane" {freeze, rC+}
 67169 | Zot:4    | Received a gift from Nemelex Xobeh
 67190 | Zot:5    | Entered Level 5 of the Realm of Zot
 67513 | Zot:5    | Received a gift from Nemelex Xobeh
 67530 | Zot:5    | Identified the +7 quarterstaff "Demon's Undoing" {flame,
                  | Dex+6}
 67668 | Zot:5    | Noticed an orb of fire
 67668 | Zot:5    | Gained mutation: You have large cloven feet. [an orb of
                  | fire]
 67676 | Zot:5    | Gained mutation: You occasionally lose the ability to drink
                  | potions when taking damage. [an orb of fire]
 67685 | Zot:5    | Killed an orb of fire
 67686 | Zot:5    | Noticed a dread lich
 67701 | Zot:5    | Killed a dread lich
 67794 | Zot:5    | Noticed a dread lich
 67814 | Zot:5    | Killed a dread lich
 67815 | Zot:5    | Reached skill level 1 in Summonings
 67831 | Zot:5    | Noticed a Killer Klown
 67833 | Zot:5    | Noticed a Killer Klown
 67836 | Zot:5    | Noticed a dread lich
 67857 | Zot:5    | Killed a Killer Klown
 67859 | Zot:5    | Killed a dread lich
 67862 | Zot:5    | Noticed a dread lich
 67882 | Zot:5    | Noticed an orb of fire
 67885 | Zot:5    | Killed a dread lich
 67887 | Zot:5    | Killed a Killer Klown
 67892 | Zot:5    | Gained mutation: You sometimes lose the ability to drink
                  | potions when taking damage. [an orb of fire]
 67893 | Zot:5    | Killed an orb of fire
 68016 | Zot:5    | Noticed a Killer Klown
 68031 | Zot:5    | Noticed a Killer Klown
 68036 | Zot:5    | Killed a Killer Klown
 68037 | Zot:5    | Reached skill level 5 in Summonings
 68039 | Zot:5    | Killed a Killer Klown
 68120 | Zot:5    | Noticed an orb of fire
 68123 | Zot:5    | Noticed a dread lich
 68123 | Zot:5    | Gained mutation: You are dopey. (Int -2) [an orb of fire]
 68124 | Zot:5    | Identified the +1 long sword "Joijae" {holy, Will- Int+5
                  | Dex+2}
 68127 | Zot:5    | Gained mutation: Your magical capacity is low. (-10% MP)
                  | [an orb of fire]
 68133 | Zot:5    | Gained mutation: Your spells are a little easier to cast,
                  | but a little less powerful. [an orb of fire]
 68134 | Zot:5    | Killed an orb of fire
 68135 | Zot:5    | Noticed a dread lich
 68138 | Zot:5    | Noticed a Killer Klown
 68145 | Zot:5    | Killed a dread lich
 68148 | Zot:5    | Killed a dread lich
 68167 | Zot:5    | Killed a Killer Klown
 68373 | Zot:5    | Noticed an ancient lich
 68397 | Zot:5    | Killed an ancient lich
 68622 | Zot:5    | Lost mutation: Your magical capacity is low. (-10% MP)
                  | [potion of mutation]
 68622 | Zot:5    | Lost mutation: You are dopey. (Int -2) [potion of mutation]
 68622 | Zot:5    | Gained mutation: Your flesh is cold resistant. (rC+)
                  | [potion of mutation]
 68622 | Zot:5    | Gained mutation: You expend magic power (3 MP) to
                  | strengthen your wands. [potion of mutation]
 68622 | Zot:5    | Gained mutation: A frigid envelope surrounds you and
                  | freezes all who hurt you. [potion of mutation]
 68622 | Zot:5    | Gained mutation: You are somewhat resistant to further
                  | mutation. [potion of mutation]
 68668 | Zot:5    | Got the Orb of Zot
 68910 | Depths:4 | Noticed Nupnef the pandemonium lord
 68955 | Depths:4 | Killed Nupnef the pandemonium lord
 69108 | Depths:1 | Noticed Dahaos the pandemonium lord
 69156 | D:15     | Noticed Gunezimi the pandemonium lord
 69438 | D:1      | Reached skill level 10 in Summonings
 69511 | D:$      | Escaped with the Orb!

Illustrated notes

Levels and vault maps discovered:
D:1:      sevenhm_arrival_forest_fort_small_3, layout_rooms
D:2:      layout_basic, basic_ecumenical_altar, basic_altar, serial_shops, shop,
          uniq_jessica
D:3:      layout_basic, mainiacjoe_overflow_brackets, serial_shops, shop_statue,
          nicolae_shop_crystal, shop, shop, nicolae_shop_behind_doors
D:4:      layout_cave_pools, lemuel_coloured_pillars_altar,
          minmay_shop_grid_forest, minmay_misc_feat_hallway
D:5:      layout_cave_pools
D:6:      layout_loops_ring, minmay_temple_entry_overgrown,
          chequers_serial_rivers_micro_b
D:7:      layout_loops_ring, wad_mini_maze, uniq_crazy_yiuf_cottage
D:8:      layout_rooms, minmay_curled_crystal
D:9:      layout_rooms, gammafunk_temple_overflow_claw, serial_ice,
          serial_ice_o, serial_ice_a, serial_ice_b, serial_ice_m
D:10:     layout_loops_ring, serial_shops, nicolae_shop_bloodbath_and_beyond,
          uniq_gastronok, uniq_lodul
D:11:     layout_cave_pods, lair_entry_dummy, erik_orc_3, serial_bayou,
          serial_bayou_ford_a, serial_bayou_pond_c, serial_bayou_crossing,
          serial_bayou_shore_b, serial_bayou_lake_a, uniq_urug
D:12:     layout_roguey [special_room_orc], nicolae_trove_entry_crossroad,
          fedhas_altar_2, uniq_snorg
D:13:     layout_basic, david_vaults_1, serial_shops, kennysheep_mini
D:14:     four-leaf_vault, layout_small_grid, grunt_decor_fettered,
          gammafunk_ghost_hive, uniq_rupert
D:15:     grunt_enter_depths_magical_seal, layout_basic, serial_shops,
          bzr_entry_road, nicolae_shop_stone, nicolae_shop_rolling_square
Temple:   sentei_temple_godly_chess
Lair:1:   lemuel_slime, layout_hall_layers, grunt_forest_large_clearing_hut,
          uniq_sonja
Lair:2:   layout_loops_ring, elwin_shoals_entry_rooms, serial_bayou_shore_b,
          uniq_prince_ribbit2
Lair:3:   layout_chaotic_city, dummy_spider_entry
Lair:4:   layout_cave_pods, grunt_megastairs_3
Lair:5:   hellmonk_lair_end_abyssal_woods, layout_loops_ring,
          minmay_slime_entry_pillars, nicolae_volcano_entry_batcave,
          grunt_megastairs_4
Shoals:1: layout_shoals, nicolae_tricolors
Shoals:2: layout_shoals, serial_shops, bzr_entry_gold, st_shoals_ruin
Shoals:3: layout_shoals, uniq_jorgrun, uniq_polyphemus
Shoals:4: shoals_end_grunt_ice, layout_shoals, shoal_ilsuiw
Spider:1: layout_spider_delve, hive_lemuel
Spider:2: layout_chambers, hellmonk_test_site
Spider:3: layout_spider_delve, uniq_agnes, uniq_nikola
Spider:4: grunt_spider_rune_circles, gammafunk_ghost_cemetery, uniq_bai_suzhen,
          uniq_mara, uniq_roxanne
Orc:1:    orc_temple, layout_caves, uniq_harold
Orc:2:    grunt_orc_cross, layout_caves
Elf:1:    layout_loops_corners, basic_altar, minmay_elf_annihilation,
          nicolae_custom_books, serial_library_regret_index_double_sided,
          chequers_hall_statues_corner_a, guppyfry_library_mini
Elf:2:    nicolae_elf_blades_crystal_corner, layout_geoelf_octagon,
          serial_shops, nicolae_diamond_shop, shop, minivault_11, uniq_donald
Elf:3:    elf_hall_gauntlet_wide, layout_gridlike
Vaults:1: nicolae_vaults_sesquioval_fish, nicolae_vaults_shipping_containers_3,
          v_misc_12, ontoclasm_vaults_gateway, v_misc_13,
          nicolae_vaults_closet_pinwheel_4, v_rooms_4,
          hangedman_vaults_corner_blocks, nicolae_vaults_offset_grid_hallway_4,
          nicolae_vaults_wine_cellar, vaults_room_stairs_pillars,
          nicolae_vaults_octothorpe, nicolae_vaults_tetromino_T_1,
          nicolae_vaults_cochlea, hangedman_vaults_snaps,
          nicolae_vaults_double_plus_2, nicolae_vaults_house_2,
          layout_vaults_omnibox
Vaults:2: gammafunk_ghost_crypt, vaults_dpeg_spiral, wander_protected_by_tso,
          nicolae_vaults_shrinking_rooms_1, minmay_crypt_entry_simple_sparse,
          ontoclasm_vaults_twist, nicolae_vaults_mitosis, v_misc_1, v_misc_9,
          ontoclasm_vaults_chip, grunt_vaults_hallway_short,
          layout_vaults_omnicross, serial_shops, nicolae_shop_trees
Vaults:3: hangedman_vaults_capsules, nicolae_vaults_two_Ls,
          nicolae_vaults_trapezoid_layered, ontoclasm_vaults_spin,
          nicolae_vaults_library_corner, nicolae_vaults_house_1,
          hangedman_vaults_slice, v_misc_10, nicolae_vaults_trapezoid_2,
          vaults_mumra_hex, grunt_vaults_funnel, grunt_vaults_hallway_long,
          nicolae_vaults_house_1, nicolae_vaults_house_1,
          layout_vaults_chaotic_city, uniq_zenata
Vaults:4: ebering_ghost_rock_garden, vaults_room_pool,
          vaults_mumra_chevron_long, nicolae_vaults_tetromino_L_2,
          v_alt_pattern_1, nicolae_vaults_storage_closets_1,
          hangedman_vaults_locks, nicolae_vaults_back_hallway, v_misc_29,
          nicolae_vaults_heist, nicolae_vaults_house_3,
          nicolae_vaults_diamond_1, vaults_room_boxed, ontoclasm_vaults_chip,
          layout_vaults_maze
Vaults:5
Crypt:1:  layout_rooms, grunt_crypt_arrival_guarded_gate
Crypt:2:  layout_chaotic_city, uniq_boris
Crypt:3:  grunt_crypt_end_deaths_head, uniq_frederick, uniq_khufu
Depths:1: layout_roguey, enter_ziggurat_a, pf_vacation_house_of_asmodeus,
          serial_shops, shop, shop, grunt_gozag_breadcrumbs,
          kennysheep_minor_cross, guppyfry_shop_blood, grunt_megastairs_1
Depths:2: minmay_curly_fans, layout_honeycomb, grunt_mini_vestibule,
          infiniplex_staircase_diamond, rand_demon_pan_entry_3,
          minmay_misc_feat_ornament, feat_on_display
Depths:3: lemuel_castle_with_subvaults [lemuel_castle_interior_carwin_1],
          layout_honeycomb, okawaru_gym_becter, pf_hell_entry_tar_river,
          abyss_entry, minmay_hedge_maze, lemuel_angel_altar,
          infiniplex_staircase_x, minmay_shop_grove
Depths:4: grunt_zot_entry_bicorn, layout_cave_pools,
          serial_sigils_hangedman_confine,
          nicolae_abyss_entry_one_way_or_another, hell_entry
Zot:1:    layout_cathedral_of_symmetry, grunt_megastairs_2
Zot:2:    layout_cellular_growth, regret_index_zotdec_icy_dp,
          st_large_dragon_hoard_4
Zot:3:    gammafunk_sealed_library, layout_twisted_circle, skrybe_zot_glass_2
Zot:4:    layout_cathedral_of_symmetry, nicolae_tricolors,
          regret_index_zotdec_banners, uniq_grunn
Zot:5:    layout_basic, bh_zot_lava_cross

Skill      XL: |  1  2  3  4  5  6  7  8  9 10 11 12 13 14 15 16 17 18 19 20 21 22 23 24 25 26 27 |
---------------+----------------------------------------------------------------------------------+-----
Short Blades   | 4 5 6 |  6.0
Axes           | 1 2 4 7 12 14 17 18 | 18.0
Fighting       | 4 6 7 8 10 11 12 13 14 16 17 18 20 22 25 | 25.8
Evocations     | 2 4 6 9 12 15 16 17 18 | 18.0
Invocations    | 8 10 11 12 13 14 16 17 | 17.3
Throwing       | 4 6 |  6.2
Armour         | 4 8 11 14 15 16 17 20 22 23 24 27 | 27.0
Shields        | 5 9 11 16 18 20 21 | 21.2
Necromancy     | 12 16 18 | 18.0
Spellcasting   | 3 5 |  5.0
Stealth        | 7 16 | 16.9
Earth Magic    | 1 10 | 10.0
Dodging        | 5 |  5.9
Summonings     | 10 | 10.0

Action                     |  1- 3 |  4- 6 |  7- 9 | 10-12 | 13-15 | 16-18 | 19-21 | 22-24 | 25-27 || total
---------------------------+-------+-------+-------+-------+-------+-------+-------+-------+-------++-------
  Melee: Short sword       |     4 |   279 |   147 |    90 |     1 |       |       |       |       ||   521
         Dagger            |       |       |     5 |     2 |       |       |       |       |     3 ||    10
         Broad axe         |       |       |       |   345 |   709 |  1056 |  1146 |  1380 |  2036 ||  6672
         Great sword       |       |       |       |       |    11 |     3 |       |       |       ||    14
   Fire: Orcbow            |       |       |    84 |    41 |       |       |       |       |       ||   125
  Throw: Dart              |       |       |       |    13 |    18 |    48 |     2 |       |     1 ||    82
         Throwing net      |       |       |       |       |       |       |     3 |       |       ||     3
   Cast: Animate Dead      |       |       |       |       |       |       |       |       |     3 ||     3
         Death Channel     |       |       |       |       |       |       |       |       |    50 ||    50
         Fugue of the Fall |       |       |       |       |       |       |       |       |    38 ||    38
         Passwall          |       |       |       |       |       |       |       |       |     3 ||     3
         Animate Armour    |       |       |       |       |       |       |       |       |     2 ||     2
 Invoke: Draw Destruction  |       |       |       |     5 |    14 |    11 |       |    25 |     8 ||    63
         Draw Summoning    |       |       |       |       |     1 |     6 |     1 |     5 |     6 ||    19
         Stack Five        |       |       |       |       |     1 |       |       |       |       ||     1
         Draw Stack        |       |       |       |       |       |     1 |       |       |       ||     1
         Draw Escape       |       |       |       |       |       |       |     1 |       |       ||     1
Ability: Dig               |       |     1 |       |       |       |     1 |     2 |       |     3 ||     7
  Evoke: Wand              |       |       |     4 |     5 |       |     1 |     1 |     1 |     3 ||    15
         Box of beasts     |       |       |       |     1 |       |     1 |       |     1 |     2 ||     5
         Lightning rod     |       |       |       |       |     4 |       |       |       |       ||     4
         Phial of floods   |       |       |       |       |       |     1 |     1 |     2 |       ||     4
         Tin of tremorston |       |       |       |       |       |       |       |     2 |       ||     2
    Use: Scroll            |       |     7 |     1 |     5 |     6 |     6 |     9 |     3 |     3 ||    40
         Potion            |       |       |     2 |       |     1 |     4 |       |     4 |     3 ||    14
   Stab: Sleeping          |     1 |    13 |     8 |     7 |     1 |       |       |       |     3 ||    33
         Distracted        |       |       |       |       |     1 |     1 |       |     1 |    27 ||    30
         Invisible         |       |       |       |       |       |       |       |     3 |       ||     3
         Petrified         |       |       |       |       |       |       |       |       |     3 ||     3
 Armour: Leather armour    |       |    93 |       |       |       |       |       |       |       ||    93
         Ring mail         |       |    20 |   106 |    57 |       |       |       |       |       ||   183
         Troll leather arm |       |       |       |   100 |       |       |       |       |       ||   100
         Scale mail        |       |       |       |   105 |   105 |       |       |       |       ||   210
         Plate armour      |       |       |       |       |   238 |       |       |       |       ||   238
         Crystal plate arm |       |       |       |       |   215 |   943 |   770 |   721 |  1141 ||  3790
  Dodge: Dodged            |     2 |   152 |    79 |   188 |   181 |   193 |   119 |   140 |   481 ||  1535
  Block: Buckler           |       |       |       |       |       |   208 |       |       |       ||   208
         Kite shield       |       |       |       |       |       |    27 |   573 |   665 |  1040 ||  2305

Table legend: (Time is in decaauts)
 A = Elapsed time spent in this place.
 B = Non-inter-level travel time spent in this place.
 C = Inter-level travel time spent in this place.
 D = Time resting spent in this place.
 E = Time spent auto-exploring this place.
 F = Levels seen in this place.
 G = Mean time per level.
                   A        B        C        D        E       F      G
               +--------+--------+--------+--------+--------+-----+--------+
         Total |  66586 |  59142 |   7444 |  10697 |  35071 |  55 | 1210.7 |
       Dungeon |  20383 |  17198 |   3185 |   4094 |   9586 |  15 | 1358.9 |
        Temple |     36 |     36 |      0 |      0 |      0 |   1 |   36.0 |
          Lair |   6859 |   5944 |    915 |    718 |   4127 |   5 | 1371.8 |
        Shoals |   3925 |   3595 |    330 |    445 |   2151 |   4 |  981.2 |
   Spider Nest |   5589 |   5362 |    227 |   1275 |   2863 |   4 | 1397.2 |
  Orcish Mines |   2073 |   1519 |    554 |    103 |   1114 |   2 | 1036.5 |
   Elven Halls |   4694 |   4447 |    247 |   1209 |   2284 |   3 | 1564.7 |
        Vaults |   7973 |   7148 |    825 |    942 |   4478 |   5 | 1594.6 |
         Crypt |   2692 |   2504 |    188 |    381 |   1416 |   3 |  897.3 |
        Depths |   5258 |   4693 |    565 |    338 |   3245 |   4 | 1314.5 |
           Zot |   6476 |   6072 |    404 |   1040 |   3659 |   5 | 1295.2 |
        Bazaar |    144 |    144 |      0 |      0 |     95 |   2 |   72.0 |
         Trove |     86 |     86 |      0 |      0 |     20 |   1 |   86.0 |
       Volcano |    392 |    392 |      0 |    150 |     32 |   1 |  392.0 |
               +--------+--------+--------+--------+--------+-----+--------+

Top non-repeatable levels by time:
   Elf:3: 2897 daAuts
  Lair:5: 2278 daAuts
    D:14: 2277 daAuts
    D:11: 2091 daAuts
     D:8: 2089 daAuts
    D:10: 2021 daAuts
Vaults:2: 1920 daAuts
Depths:3: 1776 daAuts
Spider:4: 1753 daAuts
Vaults:5: 1744 daAuts
    D:12: 1698 daAuts
Vaults:3: 1695 daAuts
Spider:2: 1669 daAuts
   Zot:4: 1583 daAuts
     D:7: 1570 daAuts
